 Dungeon Crawl Stone Soup version 0.20.1-1-g8b1a95d (webtiles) character file.

226 rzd the Sneak (level 5, -3/25 HPs)
             Began as a Spriggan Enchanter on Sept 22, 2017.
             Killed from afar by an orc wizard (12 damage)
             ... with a puff of flame
             ... on level 4 of the Dungeon.
             The game lasted 00:43:35 (4641 turns).

rzd the Sneak (Spriggan Enchanter)                  Turns: 4641, Time: 00:43:36

Health: -3/25      AC:  2    Str:  4    XL:     5   Next: 69%
Magic:  0/12       EV: 19    Int: 18    God:
Gold:   126        SH:  0    Dex: 16    Spells: 8/12 levels left

rFire    . . .     SeeInvis +   a - +1 dagger
rCold    + . .     Gourm    .   (shield restricted)
rNeg     . . .     Faith    .   k - +0 robe {rC+}
rPois    .         Spirit   +   (helmet restricted)
rElec    .         Reflect  .   i - scarf {Spirit}
rCorr    .         Harm     .   (gloves unavailable)
MR       .....                  (boots unavailable)
Stlth    +++.......             b - amulet of regeneration
Regen    0.5/turn               (no ring)
MPRegen  0.2/turn               (no ring)

@: very quick
A: unfitting armour, see invisible, herbivore 3, speed 3, slow metabolism 2
a: no special abilities


You were on level 4 of the Dungeon.
You were not hungry.

You visited 1 branch of the dungeon, and saw 4 of its levels.

You collected 126 gold pieces.

Inventory:

Hand Weapons
 a - a +1 dagger (weapon)
 n - a +0 hunting sling of freezing
Missiles
 f - 114 stones (quivered)
 m - 24 poisoned needles
Armour
 g - a +0 cloak of magic resistance
 i - a scarf of spirit shield (worn)
 k - a +0 robe of cold resistance (worn)
Jewellery
 b - an amulet of regeneration (around neck)
Scrolls
 e - 4 scrolls of remove curse
 h - 3 scrolls of identify
 j - a scroll of magic mapping
Books
 c - a book of Maledictions

   Spells                             Type                      Level
   a - Corona                         Hexes                        1
   b - Ensorcelled Hibernation        Hexes/Ice                    2
   c - Confuse                        Hexes                        3
   d - Tukima's Dance                 Hexes                        3
   e - Dazzling Spray                 Conjuration/Hexes            3
Comestibles
 d - a bread ration
 l - 3 royal jellies


   Skills:
 + Level 0.8 Fighting
 + Level 2.5 Short Blades
 + Level 4.1 Dodging
 * Level 6.1 Stealth
 * Level 4.0 Spellcasting
 * Level 4.9 Hexes


You had 8 spell levels left.
You knew the following spells:

 Your Spells              Type           Power        Failure   Level  Hunger
a - Corona                Hex            ###....      1%          1    None
b - Tukima's Dance        Hex            ###.....     6%          3    ###....


Dungeon Overview and Level Annotations

Branches:
Dungeon (4/15)
 Temple: D:4-7

Altars:
Vehumet


Innate Abilities, Weirdness & Mutations

You are very small and have problems with some larger weapons.
You are too small for most types of armour.
You have supernaturally acute eyesight. (SInv)
You are a herbivore.
You cover ground extremely quickly.
You need consume almost no food.


Message History

The orc wizard casts a spell at you. The puff of flame hits you!
Ouch! That really hurt!
Your dagger hits the orc wizard but does no damage.
You hit the orc wizard but do no damage.
The orc wizard is lightly wounded.
The orc wizard misses you.
You hit the orc wizard but do no damage.
The orc wizard is lightly wounded.
Your dagger misses the orc wizard. The orc wizard hits you.
You barely miss the orc wizard.
The orc wizard is lightly wounded.
Your dagger hits the orc wizard but does no damage.
The orc wizard closely misses you.
You barely miss the orc wizard.
The orc wizard is lightly wounded.
Your dagger hits the orc wizard but does no damage.
The orc wizard casts a spell at you. The puff of flame hits you!
You die...

#####......#.#.########..#.#
#........#...#.# #....#
#.###.##.#####.# ##.###
#.....##.# ##+## #.####
#.######.# ##...## #....#
#.######.###<....## ####.#
#[.....o.##.......## ##.##.#
#.#..)####.........####...#.##
#..†.....'..o@.....'..........
#.#...####..(......####...#.##
#.##.## ##.......## ##.##.#
#.#### ##.....## ####.# #.#
##...## #.# #.# ##'## #.# #.#
#.# ###... #.######### #.#
#.a.#. #.........####.### #.#.
.#


You could see an orc wizard and a friendly dagger.

Vanquished Creatures
  2 hounds (D:4)
  An orc wizard (D:4)
  A worker ant (D:4)
  5 adders
  2 dart slugs
  2 leopard geckos
  3 ball pythons
  2 giant cockroaches
  6 goblins
  6 hobgoblins
  5 jackals
  A quokka (D:3)
  9 bats
  3 frilled lizards
  9 kobolds
  A leopard gecko skeleton (D:4)
58 creatures vanquished.

Vanquished Creatures (collateral kills)
  An orc (D:4)
1 creature vanquished.

Vanquished Creatures (others)
  A dancing weapon (D:4)
  An orc wizard (D:4)
2 creatures vanquished.

Grand Total: 61 creatures vanquished

Notes
Turn   | Place    | Note
-------+----------+-------------------------------------------
     0 | D:1      | rzd the Spriggan Enchanter began the quest for the Orb.
     0 | D:1      | Reached XP level 1. HP: 9/9 MP: 5/5
   273 | D:1      | Reached XP level 2. HP: 12/13 MP: 4/6
  1083 | D:1      | Reached XP level 3. HP: 12/16 MP: 4/8
  2233 | D:3      | Reached skill level 5 in Stealth
  2380 | D:3      | Reached XP level 4. HP: 19/21 MP: 5/9
  2456 | D:3      | Noticed a sky beast
  2561 | D:3      | Found a radiant altar of Vehumet.
  2855 | D:3      | Learned a level 3 spell: Tukima's Dance
  3116 | D:4      | Noticed an ogre
  3732 | D:4      | Reached XP level 5. HP: 20/25 MP: 7/11
  4130 | D:4      | Reached skill level 6 in Stealth
  4641 | D:4      | Killed from afar by an orc wizard

Skill      XL: |  1  2  3  4  5 |
---------------+----------------+-----
Hexes          | 4 |  4.9
Spellcasting   | 3 4 |  4.0
Short Blades   | 2 |  2.5
Stealth        | 5 6 |  6.1
Dodging        | 4 |  4.1
Fighting       | |  0.8

Action                   |  1- 3 |  4- 6 || total
-------------------------+-------+-------++-------
Melee: Dagger            |   213 |   241 ||   454
 Fire: Hunting sling     |     5 |       ||     5
Throw: Stone             |       |     2 ||     2
 Cast: Corona            |    42 |    33 ||    75
       Tukima's Dance    |       |     6 ||     6
  Use: Potion            |     1 |     3 ||     4
       Scroll            |     2 |       ||     2
  Eat: Bread ration      |       |     1 ||     1
Armor: Robe              |    27 |    12 ||    39
Dodge: Dodged            |   179 |   211 ||   390
